Clash of titans

Match 20532964
End
Vickers Machine Gun Team
Construct Section Command Post
Selects Indian Artillery Battlegroup
Infantry Section
Infantry Section
Selects Towed ML 4.2-inch Heavy Mortar
Towed ML 4.2-inch Heavy Mortar
Infantry Section
Construct Platoon Command Post
6-pounder Anti-tank Gun Team
Selects Valour
Selects Gurkha Rifles Section
Gurkha Rifles Section
Unlock Bishop Self-propelled Artillery
Bishop Self-propelled Artillery
Bishop Self-propelled Artillery
Selects Off-map Airburst Barrage
Selects Volunteer Infantry
6-pounder Anti-tank Gun Team
Off-map Airburst Barrage
AI Takeover
F3riG
*Mule
S K E N G
Alpenwell
0
0

Comments sign in to comment!

No comments posted yet!